AoeStats
← bekatohe

Black Forest

509972052Analyzed
4v4 RM · 5d ago on Sep 28, 2026· 51m 34s· 8 players
Game mode
Random Map
Map size
Large (8 player)
Population
200
Speed
Normal
Resources
Standard
Victory
Conquest
Starting age
Dark Age
Ending age
Imperial Age
RankedLock teamsTeams togetherTeam positionsShared explorationLock speedFull tech treeHidden civsTurbo modeCheats
Victory
Defeat
🇨🇷 Aztecs · Costa Rica
861
+13
🇱🇺 Burgundians · Luxembourg
847
+14
🇹🇷 Portuguese · Türkiye
841
+14
🇺🇸 Teutons · United States
817
+15
🇬🇧 Danes · United Kingdom
1035
-23
🇬🇧 Bengalis · United Kingdom
723
-11
🇬🇧 Bohemians · United Kingdom
710
-11
🇬🇧 Khmer · United Kingdom
708
-11
Voobly
1:14 Loom
9:27 Double-Bit Axe
15:03 Feudal Age
13:48 Horse Collar
18:55 Gold Mining
20:48 Bow Saw
25:00 Castle Age
23:13 Stone Mining
23:38 Heavy Plow
25:22 Gold Shaft Mining
27:54 Stone Shaft Mining
29:03 Fortified Wall
30:23 Wheelbarrow
32:31 Crop Rotation
32:22 Hand Cart
34:53 Caravan
34:23 Cavalier
35:23 Forging
35:19 Scale Barding Armor
37:23 Husbandry
39:56 Imperial Age
38:13 Iron Casting
37:30 Fletching
39:45 Chain Barding Armor
41:39 Conscription
41:25 Burgundian Vineyards
41:56 Hoardings
41:44 Paladin
44:16 Blast Furnace
46:09 Plate Barding Armor
46:55 Bodkin Arrow
Zedarr
0:27 Loom
14:19 Feudal Age
19:28 Castle Age
20:10 Stone Mining
20:10 Double-Bit Axe
20:09 Horse Collar
22:54 Bow Saw
23:14 Heavy Plow
25:23 Wheelbarrow
26:51 Gold Mining
27:44 Stone Shaft Mining
28:56 Hand Cart
30:10 Treadmill Crane
33:22 Imperial Age
31:00 Town Watch
31:21 Padded Archer Armor
31:12 Fletching
31:45 Caravan
32:53 Pikeman
33:22 Arson
35:06 Chemistry
34:26 Ballistics
34:13 Siege Engineers
35:35 Two-Man Saw
35:13 Crop Rotation
36:05 Arquebus
35:37 Elite Organ Gun
37:08 Conscription
43:04 Halberdier
44:14 Bodkin Arrow
44:35 Leather Archer Armor
44:30 Forging
44:21 Scale Mail Armor
FlyAirWalker
0:30 Loom
13:51 Feudal Age
14:20 Double-Bit Axe
19:29 Castle Age
17:54 Stone Mining
18:51 Gold Mining
19:16 Horse Collar
19:54 Forging
19:47 Scale Mail Armor
24:29 Bow Saw
33:33 Imperial Age
30:31 Pikeman
33:17 Iron Casting
33:46 Arson
35:21 Chemistry
34:30 Onager
36:54 Ironclad
38:09 Caravan
40:04 Wheelbarrow
39:37 Elite Teutonic Knight
42:08 Blast Furnace
41:25 Chain Mail Armor
45:05 Siege Onager
48:44 Hand Cart
50:58 Plate Mail Armor
50:35 Scale Barding Armor
50:31 Padded Archer Armor
50:21 Fletching
51:47 Bombard Tower
51:48 Ballistics
51:39 Fortified Wall
51:15 Arrowslits
mandalvarado
2:46 Loom
11:28 Feudal Age
13:36 Double-Bit Axe
19:13 Castle Age
17:27 Stone Mining
17:27 Gold Mining
17:24 Horse Collar
18:27 Forging
18:20 Scale Mail Armor
20:30 Stone Shaft Mining
20:30 Gold Shaft Mining
29:16 Bow Saw
29:59 Caravan
29:42 Eagle Warrior
29:44 Pikeman
30:25 Squires
33:55 Imperial Age
32:11 Wheelbarrow
31:22 Town Watch
32:37 Gold Shaft Mining
31:47 Pikeman
32:28 Squires
32:13 Gambesons
31:50 Man-at-Arms
31:59 Elite Skirmisher
33:15 Hand Cart
33:14 Heavy Plow
34:09 Iron Casting
33:25 Fletching
33:51 Chain Mail Armor
34:02 Elite Eagle Warrior
35:04 Garland Wars
34:33 Long Swordsman
35:01 Arson
36:24 Blast Furnace
36:00 Crop Rotation
35:20 Capped Ram
35:42 Two-Handed Swordsman
36:38 Siege Ram
36:55 Champion
40:34 Plate Mail Armor
39:59 Bodkin Arrow
40:28 Ballistics
41:08 Chemistry
39:50 Treadmill Crane
40:15 Elite Jaguar Warrior
43:31 Murder Holes
43:47 Fortified Wall
Tramdan
0:54 Loom
15:30 Feudal Age
19:45 Castle Age
24:24 Imperial Age
26:04 Chemistry
27:51 Caravan
34:47 Elite Hussite Wagon
36:40 Houfnice
39:06 Houfnice
Sherb
0:36 Loom
13:17 Feudal Age
13:49 Horse Collar
14:00 Double-Bit Axe
21:02 Stone Mining
21:06 Gold Mining
23:58 Castle Age
27:19 Heavy Plow
27:33 Bow Saw
29:17 Caravan
29:41 Murder Holes
31:42 Ballistics
31:36 Fortified Wall
32:38 Town Watch
33:29 Wheelbarrow
32:35 Pikeman
34:25 Fletching
38:27 Imperial Age
36:23 Scale Barding Armor
39:38 Conscription
39:23 Double Crossbow
40:28 Chemistry
40:51 Crop Rotation
40:18 Halberdier
bekatohe
0:49 Loom
14:26 Feudal Age
17:35 Double-Bit Axe
21:52 Wheelbarrow
23:43 Horse Collar
28:14 Castle Age
27:36 Scale Mail Armor
27:47 Forging
29:11 Hand Cart
30:57 Bow Saw
33:31 Caravan
40:45 Imperial Age
39:50 Heavy Plow
42:35 Gold Mining
42:35 Town Watch
42:26 Pikeman
43:06 Squires
42:52 Arson
43:56 Halberdier
IdleBonobo
0:26 Loom
13:15 Feudal Age
19:13 Castle Age
18:07 Double-Bit Axe
18:53 Horse Collar
27:53 Forging
27:49 Scale Mail Armor
29:13 Iron Casting
28:57 Arson
29:18 Squires
30:42 Wheelbarrow
29:52 Town Watch
30:20 Bow Saw
30:16 Heavy Plow
30:50 Town Patrol
32:26 Hand Cart
35:57 Imperial Age
35:21 Chain Mail Armor
37:47 Blast Furnace
37:17 Plate Mail Armor
36:10 Elite Jomsviking
36:27 Onager
37:56 Siege Onager
39:03 Siege Engineers
43:57 Northmen's Fury
Connection lost

Rejoining the realm…

Still unreachable

The connection could not be restored.

Session expired

The server has moved on; the page needs a fresh start.